[Event "*** SCC Grand Prix: Titled Tuesday Blitz"]
[Site "Chess.com"]
[Date "2020.07.07"]
[Round "3"]
[White "peixe64"]
[Black "QuintilianoR"]
[Result "0-1"]
[WhiteElo "2328"]
[BlackElo "2658"]
[TimeControl "180+1"]
[EndTime "10:29:12 PDT"]
[Termination "QuintilianoR won on time"]

1. d4 Nf6 2. c4 e6 3. Nc3 Bb4 4. e3 O-O 5. Ne2 d5 6. a3 Be7 7.
Ng3 c5 8. dxc5 Bxc5 9. b4 Bd6 10. Bb2 a5 11. b5 b6 12. cxd5 exd5 13. Bd3 Be5 14.
O-O Re8 15. Qd2 Nbd7 16. Nce2 Bxb2 17. Qxb2 Ne5 18. Rad1 Bg4 19. h3 Bxe2 20. Bxe2 Qc7 21. Rc1 Nc4 22. Qd4 Rac8 23. Rfd1 Qc5 24. Qxc5 Rxc5 25.
a4 Nb2 26. Rxc5 bxc5 27. Ra1 c4 28. Nf1 Ne4 29. Bf3 c3 30. Rc1 Nxa4 31. Ra1 Nac5 32. b6 Rb8 33. Bxe4 dxe4 34. Rc1 Na4 35. Ra1 Nxb6 36. Rxa5 Rc8 37. Ra1 Nd5 0-1

[Event "*** SCC Grand Prix: Titled Tuesday Blitz"]
[Site "Chess.com"]
[Date "2020.07.07"]
[Round "3"]
[White "angryhorse9"]
[Black "DortmundCity"]
[Result "0-1"]
[WhiteElo "2402"]
[BlackElo "2598"]
[TimeControl "180+1"]
[EndTime "10:29:12 PDT"]
[Termination "DortmundCity won by resignation"]

1. e4 c5 2. Nf3 d6 3. Bb5+ Nd7 4.
d4 cxd4 5. Qxd4 e5 6. Qd3 a6 7. Bxd7+ Bxd7 8. O-O Rc8 9. Nc3 h6 10. Nd2 Be6 11. f4 exf4 12. Nd5 g5 13. Qd4 Rh7 14. Nc4 b5 15. Ncb6 Rxc2 16. Bd2 Bg7 17. Qd3 Rc6 18. Ba5 Ne7 19. Rac1 Be5 20. b4 Kf8 21. Nxe7 Rxc1 22.
Rxc1 Qxe7 23. Nd5 Bxd5 24. Qxd5 Qa7+ 25. Kh1 Qe3 26. Rd1 f3 27. Bc7 fxg2+ 28. Kxg2 Qe2+ 29. Kg1 Qxh2+ 30. Kf1 Ke7 31. Qb7 Qh3+ 32. Ke2 Qg4+ 33.
Kd2 Bf4+ 34. Kc3 Qxd1 35. Bb6+ Kf6 36. Bd4+ Be5 0-1

[Event "*** SCC Grand Prix: Titled Tuesday Blitz"]
[Site "Chess.com"]
[Date "2020.07.07"]
[Round "3"]
[White "Tactictic"]
[Black "AungTZ"]
[Result "0-1"]
[WhiteElo "2301"]
[BlackElo "2121"]
[TimeControl "180+1"]
[EndTime "10:29:12 PDT"]
[Termination "AungTZ won by resignation"]

1. e4 c5 2. Nf3 Nc6 3. d4 cxd4 4. Nxd4 Nf6 5. Nc3 d6 6. Bg5 e6 7. Qd2 a6 8. O-O-O h6 9. Bh4 Nxe4 10. Bxd8 Nxd2 11.
Rxd2 Kxd8 12. Bc4 Kc7 13. Bb3 Be7 14. f4 Bd7 15. Rhd1 Nxd4 16. Rxd4 Bc6 17. Ne4 e5 18. fxe5 dxe5 19. Rc4 b5 20. Rxc6+ Kxc6 21. Bd5+ Kc7 22. Bxa8 Rxa8 23. Rf1 f6 24. h4 Rd8 25. h5 Rd4 26.
Re1 f5 27. Ng3 Bg5+ 28. Kb1 Rf4 29. a4 Bh4 30. Re3 e4 31. Ne2 Rf2 32. g3 Bg5 33. Rc3+ Kd6 34. Nd4 Bf6 35. axb5 Bxd4 36. bxa6 Rd2 37.
Rc8 Kd7 38. Ra8 Bb6 39. Rg8 Kc6 40. Rxg7 Rd7 41. Rg6+ Kc7 42. Rxh6 Re7 43. Rg6 e3 44. h6 e2 45. Rg7 e1=Q+ 46. Ka2 Qe6+ 47. b3 Rxg7 48.
hxg7 Qg8 0-1

[Event "*** SCC Grand Prix: Titled Tuesday Blitz"]
[Site "Chess.com"]
[Date "2020.07.07"]
[Round "3"]
[White "CroissantNeuf"]
[Black "Chessmasterzt"]
[Result "0-1"]
[WhiteElo "2405"]
[BlackElo "2606"]
[TimeControl "180+1"]
[EndTime "10:29:13 PDT"]
[Termination "Chessmasterzt won on time"]

1. e4 d5 2. exd5 Nf6 3. Bb5+ Bd7 4. Be2 Nxd5 5. d4 Bf5 6. Nf3 e6 7. O-O Be7 8. a3 O-O 9. c4 Nf6 10. Nc3 Ne4 11. Qb3 Nxc3 12. Qxc3 Bf6 13. Qb3 Nc6 14. Rd1 Bg4 15. d5 exd5 16. cxd5 Ne5 17. Bf4 Nxf3+ 18. Bxf3 Bxf3 19. Qxf3 Qd7 20. Rac1 Rac8 21. Qb3 b6 22. Rc6 Rfd8 23. Qc2 Qg4 24. Bxc7 Rd7 25. h3 Qh5 26. d6 Be5 27. Rc1 Qg5 28. Qe4 Qf6 29. Bxb6 Re8 30.
Rc8 Qe6 31. Rxe8+ Qxe8 32. Qe3 Rxd6 33. Re1 Rxb6 34. Qxe5 Re6 0-1

[Event "*** SCC Grand Prix: Titled Tuesday Blitz"]
[Site "Chess.com"]
[Date "2020.07.07"]
[Round "3"]
[White "26andrej26"]
[Black "Sueetin"]
[Result "1-0"]
[WhiteElo "2521"]
[BlackElo "2309"]
[TimeControl "180+1"]
[EndTime "10:29:14 PDT"]
[Termination "26andrej26 won by resignation"]

1. e4 e6 2. d4 d5 3. Nc3 Nf6 4. e5 Nfd7 5. f4 c5 6. Nce2 Nc6 7. Nf3 Be7 8. g3 O-O 9. c3 f6 10. Bg2 Qb6 11. Qb3 cxd4 12. Qxb6 axb6 13. Nexd4 Nc5 14. O-O Nd3 15. exf6 gxf6 16. Rd1 Nxc1 17. Rdxc1 e5 18. Ne2 Bc5+ 19. Kf1 Bf5 20. Rd1 Rad8 21. Nh4 Be6 22.
b4 Be7 23. a3 e4 24. Bh1 f5 25. Ng2 Bf6 26. Ne3 d4 27. cxd4 Nxd4 28. Nxd4 Bxd4 29. Rxd4 Rxd4 30. Re1 Rd2 31. Bg2 Rfd8 32. Bh3 R8d3 33. Bxf5 Bxf5 34. Nxf5 Rf3+ 35. Kg1 Rff2 36. Rxe4 Rg2+ 37.
Kf1 Rxh2 38. Re7 Rde2 39. Rxe2 Rh1+ 40. Kg2 1-0

[Event "*** SCC Grand Prix: Titled Tuesday Blitz"]
[Site "Chess.com"]
[Date "2020.07.07"]
[Round "3"]
[White "Stouuf"]
[Black "memer5334"]
[Result "1-0"]
[WhiteElo "2535"]
[BlackElo "2205"]
[TimeControl "180+1"]
[EndTime "10:29:14 PDT"]
[Termination "Stouuf won on time"]

1. e4 d5 2. exd5 c6 3. d4 cxd5 4. Nf3 Nf6 5. h3 Nc6 6. Bb5 Bd7 7. O-O e6 8. Re1 a6 9. Bxc6 Bxc6 10. Nbd2 Bd6 11. Nb3 Ne4 12. Nfd2 f5 13. Nxe4 fxe4 14. Qg4 Qd7 15. Bf4 O-O 16. Nc5 Bxc5 17. dxc5 Rf5 18. Bd6 d4 19. Rad1 Qf7 20. Qg3 Qf6 21. c3 e3 22. f4 dxc3 23. bxc3 h5 24. Rxe3 Rd8 25.
Rde1 Bd5 26. Kh2 Rd7 27. a4 Rf7 28. a5 g6 29. Be5 h4 30. Qg4 Qe7 31. Qxg6+ Kf8 32.
Bd6 Qxd6 33. cxd6 Rg7 34. Qh6 Kf7 35. d7 Rxg2+ 36. Kh1 Rg6+ 37. Re4 1-0

[Event "*** SCC Grand Prix: Titled Tuesday Blitz"]
[Site "Chess.com"]
[Date "2020.07.07"]
[Round "3"]
[White "tamarozi99"]
[Black "Belka1989"]
[Result "0-1"]
[WhiteElo "1979"]
[BlackElo "2280"]
[TimeControl "180+1"]
[EndTime "10:29:14 PDT"]
[Termination "Belka1989 won on time"]

1. e4 e5 2. Nf3 Nc6 3. Bb5 a6 4. Ba4 f5 5. d3 Nf6 6. Nc3 d6 7. a3 Be7 8. Bb3 fxe4 9. dxe4 Bg4 10. Be3 Qd7 11. h3 Bh5 12. Qd2 Bxf3 13. gxf3 O-O-O 14. O-O-O Rhf8 15. f4 exf4 16. Bxf4 Nh5 17. Be3 Ne5 18. f4 Nf3 19. Qg2 Nxf4 20. Bxf4 Rxf4 21. Rhf1 Rdf8 22.
Nd5 Bg5 23. Nxf4 Bxf4+ 24. Kb1 Ne5 25. Qxg7 Qxg7 26. Rg1 Qe7 27. Rgf1 Bh6 28. Rfe1 Bg5 29. c3 Bh4 30. Re2 Rf2 31. Rdd2 Rxe2 32. Rxe2 Qg5 33.
Kc2 Qg1 34. Be6+ Kd8 35. Bf5 Qg5 0-1

[Event "*** SCC Grand Prix: Titled Tuesday Blitz"]
[Site "Chess.com"]
[Date "2020.07.07"]
[Round "3"]
[White "rpragchess"]
[Black "DarkAlekhine"]
[Result "0-1"]
[WhiteElo "2803"]
[BlackElo "2635"]
[TimeControl "180+1"]
[EndTime "10:29:15 PDT"]
[Termination "DarkAlekhine won on time"]

1. e4 e6 2. d3 d5 3. Qe2 Nf6 4. Nf3 b6 5. g3 Bb7 6. e5 Nfd7 7. Bg2 c5 8. O-O Nc6 9. c4 d4 10. Bf4 h6 11. h4 Be7 12. h5 g5 13. hxg6 fxg6 14.
b4 cxb4 15. a3 g5 16. Bc1 Qc7 17. axb4 g4 18. Nfd2 Ncxe5 19. Ne4 h5 20. Bf4 O-O 21.
Na3 Rxf4 22. gxf4 Ng6 23. Nb5 Qb8 24. Nxd4 Nxf4 25. Qe3 Ne5 26. Rfe1 Nexd3 27. Red1 Nxg2 28. Kxg2 Qf4 29. Qxf4 Nxf4+ 30. Kg3 e5 31. Nf5 Bxb4 32.
Ned6 Bf3 33. Rdb1 Bc5 34. Ra2 Rf8 35. Rxa7 Nd3 0-1

[Event "*** SCC Grand Prix: Titled Tuesday Blitz"]
[Site "Chess.com"]
[Date "2020.07.07"]
[Round "3"]
[White "natelleka"]
[Black "Nikithebest"]
[Result "0-1"]
[WhiteElo "2112"]
[BlackElo "2474"]
[TimeControl "180+1"]
[EndTime "10:29:15 PDT"]
[Termination "Nikithebest won by resignation"]

1. e4 c5 2. Nf3 d6 3. d4 cxd4 4. Nxd4 Nf6 5. Nc3 g6 6. Be2 Bg7 7. O-O O-O 8. Bg5 Nc6 9. Nb3 Be6 10. Re1 Rc8 11. Bf1 a5 12. a4 Nb4 13. Qd2 Bc4 14. f4 Bxf1 15. Kxf1 Qc7 16. Rad1 Qc4+ 17. Kg1 h6 18. Bh4 Rfe8 19. Nxa5 Qc5+ 20. Kh1 Qxa5 21. Bxf6 Bxf6 22. Nd5 Nc6 23. Nxf6+ exf6 24. Qxd6 Kg7 25. b3 Rcd8 26. Qa3 Rxd1 27. Rxd1 Rxe4 28.
Qc1 Qc3 29. h3 Qg3 30. Rf1 Nd4 31. Qd2 Ne2 32. Rf3 Qh4 33. Kh2 Re6 34. g3 Qh5 35. g4 Qc5 36. Rf2 Qxf2+ 0-1

[Event "*** SCC Grand Prix: Titled Tuesday Blitz"]
[Site "Chess.com"]
[Date "2020.07.07"]
[Round "3"]
[White "jocmil"]
[Black "Juanovic"]
[Result "1-0"]
[WhiteElo "2470"]
[BlackElo "2073"]
[TimeControl "180+1"]
[EndTime "10:29:15 PDT"]
[Termination "jocmil won by resignation"]

1. d4 d5 2. Bf4 Nf6 3. e3 c6 4. Bd3 g6 5. Nd2 Bg7 6. Ngf3 O-O 7. h3 Qb6 8. Rb1 Nbd7 9. O-O Qa5 10. a3 b5 11. Ne5 Nxe5 12. Bxe5 b4 13. Nb3 Qb6 14. axb4 Qxb4 15. c3 Qb6 16. Nc5 Nd7 17. Bxg7 Kxg7 18. b4 a5 19. Qa4 Nxc5 20. bxc5 Qc7 21. Rb6 Bd7 22. Rfb1 Ra7 23. c4 e6 24. cxd5 exd5 25. Ra6 Rxa6 26. Bxa6 Ra8 27. Be2 h5 28. Bf3 Ra7 29.
Rb6 h4 30. Rb1 Kf6 31. e4 dxe4 32. Bxe4 Ra6 33. Bf3 Kg7 34. Qa1 a4 35. d5+ f6 36.
d6 Qd8 37. Re1 Qf8 38. Re7+ Qf7 39. Rxf7+ Kxf7 40. Be2 Ra5 41. Bc4+ Kg7 42. Qe1 Bf5 43. Qxa5 Kh6 1-0

[Event "*** SCC Grand Prix: Titled Tuesday Blitz"]
[Site "Chess.com"]
[Date "2020.07.07"]
[Round "3"]
[White "OK97"]
[Black "googlegoom"]
[Result "1-0"]
[WhiteElo "2760"]
[BlackElo "2528"]
[TimeControl "180+1"]
[EndTime "10:29:16 PDT"]
[Termination "OK97 won by resignation"]

1. d4 d5 2. c4 c6 3. Nf3 Nf6 4. Qb3 e6 5. Bg5 Be7 6. Nc3 Nbd7 7. e3 O-O 8. Rd1 a6 9. Be2 dxc4 10. Qxc4 Nd5 11. Bxe7 Qxe7 12. O-O Rd8 13. Rfe1 h6 14. e4 Nxc3 15. Qxc3 Nf6 16. Bd3 Bd7 17. Ne5 Be8 18.
Bc2 Rac8 19. b4 b6 20. Nc4 Qb7 21. e5 Nh7 22. Nd6 Rxd6 23. exd6 Rd8 24. Qg3 Qb8 25. f4 Qxd6 26. f5 Nf8 27. fxe6 Qxg3 28. exf7+ Bxf7 29. hxg3 Bxa2 30. Re7 Rd7 31. Rxd7 Nxd7 32. Be4 Nb8 33. Rc1 b5 34. Bxc6 Bc4 35. Bb7 Kf7 36. Re1 Nd7 37.
d5 Nb6 38. d6 Nd7 39. Bc6 Be6 40. Bxd7 1-0

[Event "*** SCC Grand Prix: Titled Tuesday Blitz"]
[Site "Chess.com"]
[Date "2020.07.07"]
[Round "3"]
[White "BocharovD"]
[Black "Aguiar94"]
[Result "1-0"]
[WhiteElo "2751"]
[BlackElo "2521"]
[TimeControl "180+1"]
[EndTime "10:29:17 PDT"]
[Termination "BocharovD won on time"]

1. c4 e6 2. Nf3 d5 3. e3 Nf6 4.
b3 a5 5. Nc3 c6 6. Bb2 Nbd7 7.
d4 Bd6 8. Bd3 O-O 9. O-O b6 10.
e4 dxe4 11. Nxe4 Nxe4 12. Bxe4 Bb7 13. Bc2 c5 14. dxc5 Bxc5 15. Qd3 f5 16. Rad1 Bc6 17. Nd4 Be4 18. Qe2 Bxc2 19. Qxe6+ Rf7 20. Nxc2 Qe8 21. Rfe1 Qxe6 22. Rxe6 Nf8 23. Re2 f4 24. Ne1 a4 25.
Kf1 axb3 26. axb3 h6 27. Nf3 Rb8 28. Rd5 Ra8 29. Ne5 Re7 30. Nd3 Rxe2 31. Kxe2 Ra2 32.
Kf3 g5 33. h4 Ne6 34. hxg5 hxg5 35. Kg4 Kf7 36. Kf5 Be7 37. Ne5+ Ke8 38. Kxe6 Rxb2 39.
Rd7 Bc5 40. Rh7 1-0

[Event "*** SCC Grand Prix: Titled Tuesday Blitz"]
[Site "Chess.com"]
[Date "2020.07.07"]
[Round "3"]
[White "EvgenyT"]
[Black "Iskusnyh"]
[Result "1-0"]
[WhiteElo "2873"]
[BlackElo "2454"]
[TimeControl "180+1"]
[EndTime "10:29:17 PDT"]
[Termination "EvgenyT won on time"]

1. c4 c5 2. Nf3 g6 3. d4 cxd4 4. Nxd4 Nc6 5. e4 Nf6 6. Nc3 d6 7. Be2 Nxd4 8. Qxd4 Bg7 9. Bg5 O-O 10. Qe3 Qb6 11.
Qxb6 axb6 12. Rc1 h6 13. Be3 Ng4 14. Bxg4 Bxg4 15. Kd2 Be6 16. b3 Bxc3+ 17. Kxc3 Rxa2 18. Bxb6 f5 19. exf5 Bxf5 20. Ra1 Rc2+ 21. Kb4 Be4 22.
Rhe1 Bxg2 23. Rxe7 Bc6 24. Bd4 Re8 25. Rg7+ Kf8 26.
Rxg6 Re4 27. Rxd6 Kf7 28. Be3 Rh4 29. Ra7 Bh1 30. Rd1 Bg2 31. Ra8 Rxh2 32. Rc8 Bc6 33. Rd6 Rh3 34. Rc7+ 1-0

[Event "*** SCC Grand Prix: Titled Tuesday Blitz"]
[Site "Chess.com"]
[Date "2020.07.07"]
[Round "3"]
[White "ChessQueen"]
[Black "ElviraBerend"]
[Result "1/2-1/2"]
[WhiteElo "2665"]
[BlackElo "2431"]
[TimeControl "180+1"]
[EndTime "10:29:17 PDT"]
[Termination "Game drawn by repetition"]

1. e4 e5 2. Nf3 Nc6 3. Bb5 Nf6 4. d4 exd4 5. O-O Be7 6. e5 Ne4 7. Re1 Nc5 8. c3 a6 9. Bxc6 dxc6 10. cxd4 Ne6 11.
Nc3 O-O 12. Ne4 b6 13. Be3 Bb7 14. Qc2 h6 15. Rad1 a5 16. Ng3 Re8 17. Nf5 Bf8 18. h3 Qd5 19. a3 a4 20. Rd2 Ra5 21. Qc1 Qb3 22. Red1 Rd5 23. Rd3 Qb5 24. Bxh6 c5 25. Be3 cxd4 26. N5xd4 Qd7 27. Qc2 Nc5 28. R3d2 Rd8 29.
Ng5 g6 30. e6 Nxe6 31. Ngxe6 fxe6 32. Qxg6+ Qg7 33. Qxg7+ Bxg7 34. Nxe6 Rxd2 35. Rxd2 Rxd2 36. Bxd2 Bxb2 37. Nxc7 Bxa3 38. Nb5 Bb2 39. Be3 a3 40. Nxa3 Bxa3 41. Bxb6 Kf7 42. g3 Kg6 43. h4 Bf3 44. Kh2 Kh5 45. Be3 Kg4 46. Bd4 Be7 47. Be3 Bf6 48.
Bc5 Bd8 49. Be3 Bf6 50. Bc5 Bd8 51. Be3 Bf6 1/2-1/2

[Event "*** SCC Grand Prix: Titled Tuesday Blitz"]
[Site "Chess.com"]
[Date "2020.07.07"]
[Round "3"]
[White "JSMastropiero"]
[Black "cukin84"]
[Result "1/2-1/2"]
[WhiteElo "2413"]
[BlackElo "2172"]
[TimeControl "180+1"]
[EndTime "10:29:18 PDT"]
[Termination "Game drawn - insufficient material"]

1. d4 f5 2. Nc3 Nf6 3. Bg5 g6 4. Bxf6 exf6 5. e3 Bg7 6. h4 h5 7.
Nge2 Bh6 8. Nd5 O-O 9. Ndf4 Qe8 10. c3 c6 11. Qb3+ d5 12. O-O-O Na6 13. Nd3 Kh7 14.
Nef4 Nc7 15. Be2 Ne6 16. g3 a5 17. Rdg1 b5 18. Qd1 b4 19. cxb4 axb4 20. Nxb4 Qe7 21.
a3 Rf7 22. Kb1 Bd7 23. Nxg6 Kxg6 24. Bxh5+ Kh7 25. Bxf7 Qxf7 26. Qd3 Nc7 27. Rc1 Qe8 28. g4 Bf8 29. gxf5 Bxb4 30. axb4 Qh5 31. f3 Qxf3 32. Rcf1 Qh5 33. e4 dxe4 34. Qxe4 Nd5 35. b5 Re8 36.
Qg2 Ne3 37. Qg6+ Qxg6 38. fxg6+ Kxg6 39. Re1 Bf5+ 40. Ka2 cxb5 41. Rhg1+ Kh5 42. Rg3 Be6+ 43. Kb1 Nf5 44. Rf3 Nxd4 45. Rxf6 Ba2+ 46. Kxa2 Rxe1 47.
Rd6 Nf5 48. Rd5 Kg4 49. Rxb5 Rh1 50. Ka3 Rxh4 51. Rb4+ Kg5 52. Rxh4 Kxh4 53. b4 Nd4 54. Kb2 Kg5 55. Kc3 Nb5+ 56. Kc4 Na3+ 57. Kc5 Kf5 58. b5 Nxb5 1/2-1/2

[Event "*** SCC Grand Prix: Titled Tuesday Blitz"]
[Site "Chess.com"]
[Date "2020.07.07"]
[Round "3"]
[White "VladaSviridova"]
[Black "ambaixador"]
[Result "0-1"]
[WhiteElo "2123"]
[BlackElo "2349"]
[TimeControl "180+1"]
[EndTime "10:29:19 PDT"]
[Termination "ambaixador won on time"]

1. d4 d5 2. c4 e6 3. Nf3 Nf6 4. Nc3 Be7 5. Bf4 O-O 6. e3 c5 7. cxd5 exd5 8. Be2 Nc6 9. O-O a6 10. h3 c4 11. a4 Bf5 12. Ne5 Na5 13. Ra2 h6 14.
Kh1 Ne4 15. Nxe4 Bxe4 16. f3 Bh7 17. Qe1 Nb3 18. Qg3 Kh8 19. Bd1 g5 20. Bxg5 hxg5 21. Qg4 Nc1 22. Ra1 Nd3 23. f4 gxf4 24. exf4 Nxe5 25. fxe5 Qc8 26. Qh5 f5 27. exf6 Bxf6 28. Bc2 Qd7 29. Bg6 Qg7 30. Bxh7 Qxh7 31. Qxd5 Bg7 32.
Rfe1 Rad8 33. Qxb7 Rxd4 34. Qxa6 Rdf4 35. Qc6 Qh4 36. Rg1 Qg3 37. Qd5 Rh4 38. Qe6 Be5 0-1

[Event "*** SCC Grand Prix: Titled Tuesday Blitz"]
[Site "Chess.com"]
[Date "2020.07.07"]
[Round "3"]
[White "ArjunErigaisi2003"]
[Black "1977Ivan"]
[Result "0-1"]
[WhiteElo "3013"]
[BlackElo "2699"]
[TimeControl "180+1"]
[EndTime "10:29:21 PDT"]
[Termination "1977Ivan won on time"]

1. d4 Nf6 2. c4 e6 3. Nf3 c5 4. d5 d6 5. Nc3 exd5 6. cxd5 g6 7. Nd2 Bg7 8. e4 O-O 9. Be2 Na6 10. O-O Nc7 11.
h3 a6 12. a4 Rb8 13. a5 Bd7 14.
Nc4 Nb5 15. Nxb5 Bxb5 16. e5 dxe5 17. d6 Ne4 18. Be3 Nxd6 19. Nxd6 Bxe2 20. Qxe2 Qxd6 21.
Rfd1 Qe6 22. Bxc5 Rfd8 23. Rxd8+ Rxd8 24. Rd1 Rd5 25. Bb6 h5 26. Qf3 e4 27. Qb3 Rxd1+ 28. Qxd1 Bxb2 29. Qd8+ Kg7 30. Bc5 Bf6 31. Qb8 Qd5 32. Bd6 Kh7 33. Qc7 Bg7 34. g3 Qd1+ 35. Kh2 Qf3 36. Bc5 h4 37. gxh4 Bh6 38. Qxb7 Bd2 39. Qxa6 Bf4+ 40. Kg1 Qxh3 0-1

[Event "*** SCC Grand Prix: Titled Tuesday Blitz"]
[Site "Chess.com"]
[Date "2020.07.07"]
[Round "3"]
[White "Mykola-Bortnyk"]
[Black "Fins0905"]
[Result "1-0"]
[WhiteElo "2845"]
[BlackElo "2630"]
[TimeControl "180+1"]
[EndTime "10:29:21 PDT"]
[Termination "Mykola-Bortnyk won on time"]

1. e4 d5 2. exd5 Qxd5 3. Nc3 Qd8 4. Bc4 Nf6 5. Nf3 a6 6. Bb3 e6 7. O-O c5 8. d4 cxd4 9. Nxd4 Be7 10. Be3 O-O 11. Qf3 Qc7 12. Rad1 Bd7 13. Rfe1 Nc6 14.
a3 Rac8 15. Ne4 Nxe4 16. Qxe4 Bf6 17. c3 Nxd4 18. Bxd4 Bc6 19. Qg4 Bxd4 20. Rxd4 Rcd8 21. Red1 Qb6 22. Rb4 Qc7 23. h3 Rxd1+ 24. Qxd1 Rd8 25. Rd4 Rd7 26. Bc2 g6 27. Rxd7 Qxd7 28. Qxd7 Bxd7 29. Be4 b6 30. c4 f5 31. Bb7 a5 32. b4 axb4 33.
axb4 Kf7 34. c5 bxc5 35. bxc5 Bb5 36. c6 e5 37. c7 Bd7 38. c8=Q Bxc8 39. Bxc8 e4 40.
Kf1 Kf6 41. Ke2 Ke5 42. g3 f4 43. h4 h6 44. Bd7 g5 45. h5 Kd4 46. g4 Kc4 47.
Bc6 Kd4 48. Kd2 f3 49. Bb7 1-0

[Event "*** SCC Grand Prix: Titled Tuesday Blitz"]
[Site "Chess.com"]
[Date "2020.07.07"]
[Round "3"]
[White "dolynachess"]
[Black "okriak"]
[Result "1-0"]
[WhiteElo "2447"]
[BlackElo "2718"]
[TimeControl "180+1"]
[EndTime "10:29:21 PDT"]
[Termination "dolynachess won by checkmate"]

1. d4 d5 2. c4 e6 3. Nf3 c6 4. g3 dxc4 5. Bg2 b5 6. O-O Bb7 7. Nc3 Nd7 8. e4 a6 9. a4 Ngf6 10. e5 Nd5 11. Ng5 Be7 12. Qh5 g6 13. Qh6 Bf8 14.
Qh3 Nxc3 15. bxc3 Bg7 16. Ne4 O-O 17. Nd6 Qc7 18. Ba3 Rfd8 19. f4 Nb6 20. g4 Nxa4 21. f5 Bc8 22. fxg6 fxg6 23. Rf7 Rd7 24. Raf1 Rxf7 25.
Rxf7 Qxf7 26. Nxf7 Kxf7 27. Bxc6 Ra7 28. Bd6 Kg8 29. g5 Rf7 30. d5 Rf5 31. Qe3 Nb2 32. h4 Nd3 33. Qa7 Bxe5 34. Qb8 Bxd6 35. Qxd6 exd5 36.
Bxd5+ Kg7 37. Qc7+ Kf8 38. Qxc8+ Ke7 39. Qc7+ Ke8 40.
Be6 Rf4 41. Qd7+ Kf8 42. Qd8+ Kg7 43. Qe7+ Kh8 44. Qe8+ Kg7 45. Qg8# 1-0

[Event "*** SCC Grand Prix: Titled Tuesday Blitz"]
[Site "Chess.com"]
[Date "2020.07.07"]
[Round "3"]
[White "malandragem"]
[Black "FLamps8"]
[Result "0-1"]
[WhiteElo "2385"]
[BlackElo "2582"]
[TimeControl "180+1"]
[EndTime "10:29:21 PDT"]
[Termination "FLamps8 won by checkmate"]

1. a3 d5 2. Nf3 Nc6 3. d4 Bf5 4.
c4 e6 5. e3 Nf6 6. b4 Bd6 7.
c5 Be7 8. b5 Nb8 9. Nbd2 a6 10.
Nh4 Bg6 11. Nxg6 hxg6 12. c6 bxc6 13. bxa6 Nxa6 14. Qc2 O-O 15. Rb1 c5 16. Bxa6 Rxa6 17. dxc5 Nd7 18. c6 Ne5 19. O-O Rxc6 20. Qa4 Qa8 21.
Qf4 Nc4 22. Nf3 Rb8 23. Rxb8+ Qxb8 24. a4 Qa7 25. Qg4 Bf6 26. e4 dxe4 27. Qxe4 Qxa4 28. Bg5 Nb6 29. Qd3 Qc4 30. Qd1 Qd5 31. Qb1 Bxg5 32. Nxg5 Qxg5 33. Rd1 Rd6 34. Rxd6 cxd6 35. h4 Qc5 36. g3 d5 37. Qa1 d4 38. Qa7 d3 39. h5 d2 40. h6 d1=Q+ 41. Kg2 Qcd5+ 42. Kh3 Q1h1+ 43. Kg4 Qf5# 0-1

[Event "*** SCC Grand Prix: Titled Tuesday Blitz"]
[Site "Chess.com"]
[Date "2020.07.07"]
[Round "3"]
[White "PlotnikovPavel"]
[Black "DeviatkinAndrey"]
[Result "0-1"]
[WhiteElo "2482"]
[BlackElo "2725"]
[TimeControl "180+1"]
[EndTime "10:29:22 PDT"]
[Termination "DeviatkinAndrey won by resignation"]

1. e4 c6 2. d4 d5 3. exd5 cxd5 4. Bd3 Nc6 5. c3 Nf6 6. Bf4 Bg4 7. Qb3 Qc8 8. Nd2 e6 9. Ngf3 Be7 10. O-O Bh5 11. Ne5 Nxe5 12. Bxe5 Bg6 13. Bxf6 gxf6 14. Bb5+ Kf8 15.
f4 Bf5 16. Rf3 Bd6 17. Raf1 Qc7 18. h3 h6 19. Kh1 h5 20. R3f2 h4 21. c4 a6 22. Ba4 dxc4 23. Qxc4 Qxc4 24. Nxc4 Bc7 25. Bc2 Bxc2 26. Rxc2 Rd8 27. f5 Rxd4 28. fxe6 fxe6 29. Rxf6+ Ke7 30. Rf1 Bg3 31. Nd2 Rhd8 32. Nf3 Rd1 33. Rc1 Rxf1+ 34. Rxf1 e5 35. Ng5 Rd2 36. Rb1 Re2 37. Nf3 Kf6 38. Kg1 e4 39. Nd4 Rd2 40.
Nb3 Rc2 41. a4 Ke5 42. Na1 Rd2 43. Nb3 Rc2 44. Na1 Re2 45. b4 e3 46. Nb3 b6 47.
a5 bxa5 48. bxa5 Rc2 49. Rc1 e2 0-1

[Event "*** SCC Grand Prix: Titled Tuesday Blitz"]
[Site "Chess.com"]
[Date "2020.07.07"]
[Round "3"]
[White "ARMQUEEN"]
[Black "Semen_Khanin"]
[Result "0-1"]
[WhiteElo "2427"]
[BlackElo "2705"]
[TimeControl "180+1"]
[EndTime "10:29:22 PDT"]
[Termination "Semen_Khanin won by checkmate"]

1. e4 c5 2. Nc3 Nc6 3. Bb5 Nd4 4. Bc4 d6 5. Nge2 Nf6 6. d3 e5 7. O-O Be7 8. Nxd4 cxd4 9. Ne2 Be6 10. Bxe6 fxe6 11. f4 O-O 12. fxe5 dxe5 13. Ng3 Qe8 14. Bd2 Rc8 15. c3 Qb5 16. c4 Qxb2 17. Rb1 Qxa2 18. Rxb7 Rf7 19. Bg5 Rcf8 20. h3 Qa6 21. Qb3 Qa3 22. Qb1 h6 23. Bc1 Qa4 24. Rb5 Nd7 25.
Rxf7 Rxf7 26. Bd2 Nc5 27. Bb4 Nxd3 28. Bxe7 Qxc4 29. Rb8+ Kh7 30. Bd6 Nc1 31. Bxe5 d3 32. Bf4 Rxf4 33. e5 Qc2 34. Qb5 d2 35. Qe8 d1=Q+ 36.
Kh2 Qxg2+ 37. Kxg2 Qf3+ 38. Kg1 Qf2+ 39. Kh1 Qe1+ 40.
Kh2 Rf2# 0-1

[Event "*** SCC Grand Prix: Titled Tuesday Blitz"]
[Site "Chess.com"]
[Date "2020.07.07"]
[Round "3"]
[White "Iball95"]
[Black "chegueps"]
[Result "0-1"]
[WhiteElo "2570"]
[BlackElo "2405"]
[TimeControl "180+1"]
[EndTime "10:29:22 PDT"]
[Termination "chegueps won on time"]

1. e4 e6 2. d4 d5 3. Nc3 Nf6 4.
Bg5 dxe4 5. Nxe4 Be7 6. Bxf6 gxf6 7. Qd3 f5 8. Nc3 a6 9. O-O-O b5 10. d5 e5 11. g3 b4 12. Nce2 Bd6 13. f4 e4 14.
Qd4 Rg8 15. Nh3 Nd7 16. Kb1 Qe7 17. Nc1 Bc5 18. Qd2 Nf6 19. Bc4 a5 20. Nb3 a4 21.
Nd4 Bd7 22. Rhe1 h6 23. Ng1 Kf8 24. Ngf3 Ng4 25. Ne5 Nxe5 26. fxe5 Qxe5 27. Qxh6+ Ke8 28. Ne6 a3 29. c3 bxc3 30. Re2 Rb8 31. Bb3 Rxb3 32.
axb3 fxe6 33. dxe6 Bxe6 34. bxc3 Bxb3 35. Rdd2 Bd6 36.
Rd4 Bf7 37. Ka1 a2 0-1

[Event "*** SCC Grand Prix: Titled Tuesday Blitz"]
[Site "Chess.com"]
[Date "2020.07.07"]
[Round "3"]
[White "antoszu"]
[Black "Godzillator"]
[Result "1/2-1/2"]
[WhiteElo "2537"]
[BlackElo "2365"]
[TimeControl "180+1"]
[EndTime "10:29:22 PDT"]
[Termination "Game drawn by agreement"]

1. d4 d5 2. c4 c6 3. Nc3 Nf6 4. Nf3 a6 5. Qc2 Bg4 6. Ne5 Bh5 7. cxd5 Nxd5 8. Nxd5 Qxd5 9. e3 Nd7 10. Nxd7 Qxd7 11. Bc4 e6 12. Bd2 Bd6 13.
Bd3 Bg6 14. Bxg6 hxg6 15. h3 Rc8 16. b4 Bb8 17. Qe4 Qd5 18. Qg4 Qf5 19. Qxf5 gxf5 20. a4 Kd7 21. Ke2 Bd6 22. Rab1 Rc7 23. Rhc1 Rhc8 24.
Rc2 g6 25. f3 e5 26. dxe5 Bxe5 27. Rd1 Ke6 28. Be1 Rd7 29. Rxd7 Kxd7 30. Rc5 Bd6 31. Rc1 Re8 32. Kd3 Re5 33. Bc3 Rd5+ 34. Ke2 b5 35. e4 fxe4 36. fxe4 Rh5 37. axb5 Rxb5 38. Rd1 Ke6 39. Ra1 Bxb4 40. Rxa6 Bxc3 41. Rxc6+ Ke5 42.
Rxc3 Kxe4 43. Re3+ Kf4 44. Rf3+ Kg5 45. Rxf7 Rb2+ 46. Kf1 Rc2 47. Kg1 Rb2 48. Rf2 Rb3 49.
Kh2 Ra3 50. g3 Rb3 51. Kg2 Ra3 52. Re2 Rb3 53. Rd2 Ra3 54. Rd5+ Kf6 55. h4 Rb3 56. Kh3 Ra3 57. Rd4 Rb3 58. Rf4+ Kg7 59. Kg4 Kh6 60. Rc4 Ra3 61. Kf4 Rb3 62. g4 Rb7 63.
Rd4 Ra7 64. Ke5 Rf7 65. Ke6 Rf1 66. h5 gxh5 67. gxh5 Kxh5 68. Rd5+ 1/2-1/2

[Event "*** SCC Grand Prix: Titled Tuesday Blitz"]
[Site "Chess.com"]
[Date "2020.07.07"]
[Round "3"]
[White "Khazieva_Elza"]
[Black "profofchess"]
[Result "0-1"]
[WhiteElo "2280"]
[BlackElo "2463"]
[TimeControl "180+1"]
[EndTime "10:29:22 PDT"]
[Termination "profofchess won on time"]

1. e4 e6 2. d3 c5 3. Nf3 Nc6 4. g3 g6 5. Bg2 Bg7 6. O-O d6 7. c3 e5 8. Na3 Nge7 9. Nc4 b5 10. Ne3 Rb8 11. a4 a6 12. axb5 axb5 13. h4 h6 14. Qe2 O-O 15. Bd2 f5 16. h5 f4 17.
gxf4 exf4 18. Nd5 g5 19. Nh2 Nxd5 20. exd5 Re8 21. Qd1 Ne5 22. d4 cxd4 23. cxd4 Nc4 24. Bc3 Bf5 25. Ra7 Qb6 26. Qa1 Rb7 27. Ra6 Qd8 28. b3 Nb6 29. Ba5 Qb8 30. Bxb6 Rxb6 31.
Qa3 Bxd4 32. Nf3 Rxa6 33. Qxa6 Qb6 34. Qa3 Bg7 35. Nd2 Qd4 36. Qc1 Rc8 37. Qd1 Rc2 38. Qe1 Qxd2 39. Qe8+ Kh7 0-1